 Dungeon Crawl Stone Soup version 0.20.1-1-g8b1a95d (webtiles) character file.

90 panicbit the Covered (level 4, -5/40 HPs)
             Began as a Minotaur Fighter on July 8, 2017.
             Slain by a wyvern zombie (9 damage)
             ... on level 3 of the Dungeon.
             The game lasted 00:03:28 (1615 turns).

panicbit the Covered (Minotaur Fighter)             Turns: 1615, Time: 00:03:29

Health: -5/40      AC:  9    Str: 21    XL:     4   Next: 32%
Magic:  3/3        EV:  5    Int:  5    God:
Gold:   111        SH:  9    Dex: 10    Spells: 3/3 levels left

rFire    x . .     SeeInvis .   n - -3 broad axe (curse)
rCold    + . .     Gourm    .   c - +0 shield
rNeg     . . .     Faith    .   i - +0 chain mail
rPois    .         Spirit   .   (helmet restricted)
rElec    .         Reflect  .   (no cloak)
rCorr    .         Harm     .   (no gloves)
MR       .....                  (no boots)
Stlth    ..........             (no amulet)
Regen    0.2/turn               m - ring of ice
MPRegen  0.1/turn               (no ring)

@: no status effects
A: retaliatory headbutt, horns 2
a: no special abilities


You were on level 3 of the Dungeon.
You were not hungry.

You visited 1 branch of the dungeon, and saw 3 of its levels.

You collected 111 gold pieces.

Inventory:

Hand Weapons
 a - a +0 war axe
 n - a cursed -3 broad axe (weapon)
Armour
 c - a +0 shield (worn)
 i - a +0 chain mail (worn)
Jewellery
 m - a ring of ice (left hand)
Scrolls
 j - 2 scrolls of magic mapping {unknown}
 k - 2 scrolls of blinking {unknown}
 l - a scroll of teleportation {unknown}
 o - a scroll of immolation {unknown}
 p - 2 scrolls of remove curse {unknown}
 q - 2 scrolls of identify {unknown}
Potions
 b - 2 potions of haste {unknown}
 d - a potion of might
 e - a potion of agility {unknown}
 r - a potion of ambrosia {unknown}
Comestibles
 f - 2 bread rations
 g - 4 chunks of flesh
 h - 2 meat rations


   Skills:
 + Level 3.9 Fighting
 + Level 3.7 Axes
 + Level 4.5 Armour
 + Level 0.2 Dodging
 + Level 0.1 Stealth
 + Level 4.4 Shields


You had 3 spell levels left.
You didn't know any spells.

Dungeon Overview and Level Annotations

Branches:
Dungeon (3/15)

Altars:
Cheibriados


Innate Abilities, Weirdness & Mutations

You reflexively headbutt those who attack you in melee.
You have a pair of horns on your head.


Message History

The wyvern zombie bites you.
You hit the wyvern zombie.
The wyvern zombie is heavily damaged.
The wyvern zombie completely misses you.
You furiously retaliate!
You headbutt the wyvern zombie, but do no damage.
The wyvern zombie bites you!
You are too injured to fight recklessly!
You are too injured to fight recklessly!
You are too injured to fight recklessly!
You hit the wyvern zombie. You headbutt the wyvern zombie.
The wyvern zombie is heavily damaged.
The wyvern zombie bites you.
* * * LOW HITPOINT WARNING * * *
The wyvern zombie bites you.
* * * LOW HITPOINT WARNING * * *
You barely miss the wyvern zombie. You headbutt the wyvern zombie!
The wyvern zombie is severely damaged.
The wyvern zombie bites you!
You die...

....>................>
................#.#......
.......)........#.#...###
................#.#...###
...........######.#......
...........## #.#..###.
............# #.#...<#.
............#####.##..รท.)
......Z@....#.....###.###
###########.#.....# ###
#.......# ##......#
#......# ##.....# #.....#
#.....# #.....######


You could see a wyvern zombie.

Vanquished Creatures
  2 adders (D:2)
  An ooze (D:3)
  A worm (D:2)
  4 giant cockroaches
  4 goblins
  12 hobgoblins
  10 jackals
  11 kobolds
  A ball python (D:2)
  5 bats
  2 frilled lizards
  6 rats
59 creatures vanquished.

Notes
Turn   | Place    | Note
-------+----------+-------------------------------------------
     0 | D:1      | panicbit the Minotaur Fighter began the quest for the Orb.
     0 | D:1      | Reached XP level 1. HP: 19/19 MP: 0/0
   151 | D:1      | Reached XP level 2. HP: 27/27 MP: 1/1
   763 | D:2      | Reached XP level 3. HP: 30/33 MP: 2/2
  1070 | D:2      | Found a snail-covered altar of Cheibriados.
  1134 | D:2      | Reached XP level 4. HP: 40/40 MP: 3/3
  1615 | D:3      | Slain by a wyvern zombie

Skill      XL: |  1  2 |
---------------+-------+-----
Shields        | 4 |  4.4
Armour         | 4 |  4.5
Axes           | 3 |  3.7
Fighting       | |  3.9
Dodging        | |  0.2
Stealth        | |  0.1

Action                   |  1- 3 |  4- 6 || total
-------------------------+-------+-------++-------
Melee: War axe           |    69 |       ||    69
       Headbutt          |    18 |    11 ||    29
       Broad axe         |    39 |    56 ||    95
  Eat: Chunk             |     1 |     2 ||     3
Armor: Scale mail        |    15 |       ||    15
       Chain mail        |    68 |    24 ||    92
Dodge: Dodged            |    31 |    12 ||    43
Block: Shield            |    79 |    31 ||   110
